 Dungeon Crawl Stone Soup version 0.25.1-2-g60ff931df9 (webtiles) character file.

Game seed: 13560897718930128912

202 DerDa the Chiller (level 5, -1/35 HPs)
             Began as a Merfolk Ice Elementalist on Sept 21, 2020.
             Was an Initiate of Kikubaaqudgha.
             Killed from afar by an orc wizard (9 damage)
             ... with a puff of flame
             ... on level 4 of the Dungeon.
             The game lasted 00:08:28 (4015 turns).

DerDa the Chiller (Merfolk Ice Elementalist)        Turns: 4015, Time: 00:08:29

Health: -1/35      AC:  3    Str:  9    XL:     5   Next: 80%
Magic:  4/10       EV: 15    Int: 15    God:    Kikubaaqudgha [......]
Gold:   189        SH:  5    Dex: 20    Spells: 0/11 levels left

rFire    . . .     SeeInvis .   e - +0 spear
rCold    . . .     Gourm    .   (no shield)
rNeg     . . .     Faith    .   a - +0 robe
rPois    .         Spirit   .   (no helmet)
rElec    .         Reflect  +   (no cloak)
rCorr    +         Harm     .   (no gloves)
MR       .....                  k - +0 pair of boots
Stlth    ++........             s - amulet of reflection
HPRegen  0.11/turn              q - +6 ring of dexterity
MPRegen  0.12/turn              l - ring of resist corrosion

@: frozen ramparts
A: change form in water, swift swim, stealthy swim
a: Renounce Religion


You were on level 4 of the Dungeon.
You worshipped Kikubaaqudgha.
Kikubaaqudgha was noncommittal.
You were not hungry.

You visited 1 branch of the dungeon, and saw 4 of its levels.

You collected 189 gold pieces.

Inventory:

Hand Weapons
 e - a +0 spear (weapon)
Armour
 a - a +0 robe (worn)
 k - a +0 pair of boots (worn)
Jewellery
 f - an uncursed ring of protection from fire
 g - an uncursed amulet of faith
 l - a ring of resist corrosion (right hand)
 q - a +6 ring of dexterity (left hand)
 s - an amulet of reflection (around neck)
Wands
 t - a wand of flame (19)
Scrolls
 h - 2 scrolls of random uselessness {unknown}
 i - 3 scrolls of remove curse {unknown}
 m - a scroll of blinking {unknown}
 n - 2 scrolls of identify {unknown}
 o - a scroll of fear {unknown}
 p - 2 scrolls of teleportation {unknown}
 v - a scroll of noise {unknown}
 x - a scroll of magic mapping {unknown}
Potions
 b - 2 potions of curing {unknown}
 d - 3 potions of brilliance {unknown}
 j - a potion of flight {unknown}
 r - 2 potions of might {unknown}
 w - 2 potions of degeneration {unknown}
Comestibles
 c - 7 rations
 u - a chunk of flesh


   Skills:
 + Level 4.1 Dodging
 - Level 2.1 Stealth
 * Level 3.6 Spellcasting
 + Level 0.1 Summonings
 * Level 5.8 Ice Magic


You couldn't memorise any spells.
You knew the following spells:

 Your Spells              Type           Power        Failure   Level  Hunger
a - Freeze                Ice            ###.         1%          1    None
b - Frozen Ramparts       Ice            ###...       4%          3    ###....
c - Ozocubu's Armour      Chrm/Ice       ##......     17%         3    ###....
d - Summon Ice Beast      Ice/Summ       ##......     47%         4    ####...

Your spell library contained the following spells:

 Spells                   Type           Power        Failure   Level  Hunger
 Hailstorm                Conj/Ice       ##......     50%         4    ####...


Dungeon Overview and Level Annotations

Branches:
Dungeon (4/15)
 Temple: D:4-7

Altars:
Kikubaaqudgha


Message History

Aiming: Freeze (safe; 1% risk of failure)
Press: ? - help, Shift-Dir - straight line, f - orc wizard
Aim: an orc wizard, wielding a +0 dagger and wearing a +0 robe (moderately wounded)
You freeze the orc wizard!
The orc wizard is severely wounded.
The wall freezes the orc.
Casting: Freeze (safe; 1% risk of failure)
Confirm with . or Enter, or press ? or * to list all spells.
Aiming: Freeze (safe; 1% risk of failure)
Press: ? - help, Shift-Dir - straight line, f/p - orc wizard
Aim: an orc wizard, wielding a +0 dagger and wearing a +0 robe (severely wounded)
You freeze the orc wizard.
The orc wizard is almost dead.
The wall freezes the orc.
You kill the orc!
Kikubaaqudgha accepts your kill. The orc wizard casts a spell at you.
The puff of flame hits you!
You die...
Kikubaaqudgha rasps: "You have failed me!
Welcome... death!"

....... #........
.......##.....[.. .......
#......##........ .......
......##........ .....o.
#.....#........ .......
#.....#........ .......
#..............
.....o.#####..............
#...o.[@...........#....
#......o...........#....
#..................#....
#............|.....#....
######.............# ...
#.........##### ..
#.........# . #.........#
#.........#


You could see an orc priest, an orc wizard and an orc.

Vanquished Creatures
  Ijyb (D:3)
  A hound skeleton (D:4)
  5 adders
  A shadow imp (D:2)
  An ooze (D:1)
  4 worms
  A dart slug (D:2)
  3 leopard geckos
  13 orcs
  7 bats
  3 giant cockroaches
  6 goblins
  7 hobgoblins (D:3)
  3 jackals (D:2)
  3 quokkas
  3 ball pythons
  4 frilled lizards
  6 kobolds
  6 rats
78 creatures vanquished.

Notes
Turn   | Place    | Note
-------+----------+-------------------------------------------
     0 | D:1      | DerDa the Merfolk Ice Elementalist began the quest for the
                  | Orb.
     0 | D:1      | Reached XP level 1. HP: 13/13 MP: 3/3
   207 | D:1      | Reached XP level 2. HP: 19/19 MP: 3/5
  1226 | D:2      | Reached XP level 3. HP: 11/24 MP: 6/6
  1232 | D:2      | Learned a level 3 spell: Frozen Ramparts
  1236 | D:2      | Learned a level 3 spell: Ozocubu's Armour
  1786 | D:2      | Reached skill level 5 in Ice Magic
  1839 | D:2      | Reached XP level 4. HP: 30/30 MP: 4/8
  2879 | D:3      | Found an ancient bone altar of Kikubaaqudgha.
  2970 | D:3      | Reached XP level 5. HP: 33/35 MP: 6/9
  3171 | D:3      | Noticed Ijyb
  3190 | D:3      | Killed Ijyb
  3658 | D:3      | Became a worshipper of Kikubaaqudgha
  3811 | D:4      | Learned a level 4 spell: Summon Ice Beast
  4015 | D:4      | Killed from afar by an orc wizard

Illustrated notes

Levels and vault maps discovered:
D:1:      dpeg_arrival_brainrot, layout_loops_ring, minmay_circled_x
D:2:      layout_loops_ring
D:3:      layout_loops_cross, kiku_gazebo_pond_becter, serial_bayou,
          serial_bayou_shore_a, serial_bayou_pond_e, serial_bayou_pond_d,
          serial_bayou_pond_c, uniq_ijyb
D:4:      layout_basic, cheibriados_altar_1, nicolae_ru_path_of_blood,
          uniq_sigmund, uniq_duvessa

Skill      XL: |  1  2  3  4  5 |
---------------+----------------+-----
Dodging        | 3 4 |  4.1
Ice Magic      | 5 |  5.8
Spellcasting   | 3 |  3.6
Stealth        | |  2.1
Summonings     | |  0.1

Action                   |  1- 3 |  4- 6 || total
-------------------------+-------+-------++-------
Melee: Spear             |    58 |    64 ||   122
       Unarmed           |     1 |       ||     1
       Tailslap          |       |     2 ||     2
 Cast: Freeze            |    26 |    57 ||    83
       Frozen Ramparts   |     3 |     8 ||    11
       Ozocubu's Armour  |       |     1 ||     1
 Stab: Sleeping          |     4 |     6 ||    10
  Eat: Chunk             |     3 |     8 ||    11
Armor: Robe              |     7 |    13 ||    20
Dodge: Dodged            |    53 |    59 ||   112
Block: Other             |       |     5 ||     5
